 Dungeon Crawl Stone Soup version 0.27-a0-401-gea03ee85fd (webtiles) character file.

Game seed: 6491599188372083433

112 miscthings the Cudgeller (level 4, -2/33 (35) HPs)
             Began as a Demonspawn Chaos Knight on Feb 22, 2021.
             Was a Plaything of Xom.
             Slain by Crazy Yiuf
             ... wielding a +3 quarterstaff of chaos
              (8 damage)
             ... while paralysed by Crazy Yiuf
             ... on level 2 of the Dungeon.
             The game lasted 00:03:19 (2455 turns).

miscthings the Cudgeller (Demonspawn Chaos Knight)  Turns: 2455, Time: 00:03:20

HP:   -2/33 (35)    AC: 12    Str: 17    XL:     4   Next: 63%
MP:   4/4           EV:  2    Int: 17    God:    Xom [*.....]
Gold: 143           SH:  0    Dex: 12    Spells: 3/3 levels left

rFire    . . .     SeeInvis .   a - +0 mace (chaos)
rCold    . . .     Faith    .   d - +0 buckler
rNeg     . . .     Spirit   .   e - +2 plate armour of Limitation {rPois Str+4 Int+3}
rPois    +         Reflect  .   (helmet restricted)
rElec    .         Harm     .   (no cloak)
rCorr    .         Rampage  .   (no gloves)
Will     .....                  (no boots)
Stlth    ..........             (no amulet)
HPRegen  0.11/turn              (no ring)
MPRegen  0.09/turn              (no ring)

@: paralysed, drained
A: antennae 1
a: Renounce Religion


You were on level 2 of the Dungeon.
You worshipped Xom.
You were a special plaything of Xom.
You visited 1 branch of the dungeon, and saw 4 of its levels.

You collected 143 gold pieces.

Inventory:

Hand Weapons
 a - a +0 mace of chaos (weapon)
Armour
 b - a +2 leather armour
 d - a +0 buckler (worn)
 e - the +2 plate armour of Limitation (worn) {rPois Str+4 Int+3}
   (Xom gifted it to you on level 1 of the Dungeon)

   It affects your strength (+4).
   It affects your intelligence (+3).
   It protects you from poison.
Scrolls
 f - a scroll of immolation {unknown}
 i - 2 scrolls of enchant weapon {unknown}
Potions
 g - a potion of attraction
 h - a potion of curing


   Skills:
 - Level 3.0 Fighting
 + Level 5.0 Maces & Flails
 - Level 1.7 Armour
 - Level 0.8 Dodging


You had 3 spell levels left.
You didn't know any spells.
Your spell library was empty.

Dungeon Overview and Level Annotations

Branches:
Dungeon (4/15)
 Temple: D:4-7

Altars:
Elyvilon
Xom

Annotations:
D:2 Crazy Yiuf


Innate Abilities, Weirdness & Mutations

You have a pair of small antennae on your head.


Message History

As you read the scroll of identify {@r1}, it crumbles to dust.
h - a potion of curing You open the door.
Your shield prevents you from hitting Crazy Yiuf.
Crazy Yiuf hits you but does no damage.
You barely miss Crazy Yiuf.
Crazy Yiuf says, "My goal is simple.
It is a complete understanding of the universe, why it is as it is and why it exists at all."
Crazy Yiuf hits you with a +3 quarterstaff of chaos!
Crazy Yiuf burns you.
Crazy Yiuf hits you with a +3 quarterstaff of chaos.
You feel drained.
You hit Crazy Yiuf.
Crazy Yiuf seems to speed up.
Crazy Yiuf is moderately wounded.
Crazy Yiuf hits you but does no damage.
You hit Crazy Yiuf.
Crazy Yiuf is heavily wounded.
Crazy Yiuf grits, "Snoogle sow return to song!"
Crazy Yiuf hits you but does no damage.
Crazy Yiuf hits you with a +3 quarterstaff of chaos.
Crazy Yiuf burns you.
Your plate armour of Limitation prevents you from hitting Crazy Yiuf.
Crazy Yiuf is heavily wounded.
Crazy Yiuf grits, "Shadow!"
Crazy Yiuf hits you but does no damage.
You suddenly lose the ability to move!
Crazy Yiuf hits you but does no damage. Crazy Yiuf hits you but does no damage.
You feel drained.
Crazy Yiuf hits you with a +3 quarterstaff of chaos.
Crazy Yiuf burns you. Crazy Yiuf hits you but does no damage.
Crazy Yiuf hits you with a +3 quarterstaff of chaos.
* * * LOW HITPOINT WARNING * * *
Crazy Yiuf burns you.
* * * LOW HITPOINT WARNING * * *
"How about this?"
Your potion of curing briefly vibrates.
You are now a special plaything of Xom.
Crazy Yiuf barely misses you. Crazy Yiuf hits you but does no damage.
You are electrocuted!
You die...
Xom chuckles heartily!

#.##.##...#...
#..#.####(..#. ##.#.# #...#.
##### ##.#.#. #......
####..#... ####♣♣ ###
#....###.. ##....♣♣ ♣♣#..)#
#....# #.# #......♣♣♣♣@g...#
###### #.# #.......♣..♣#...#
#.. #.#....♣.♣♣♣ ### ###.#
#.###♣♣♣♣♣ ######...# #.#
#......... #.# ########
####...... #.########......#
###......
#...............####........
##########...†.†.........>..


You could see Crazy Yiuf (fast).

Vanquished Creatures
  3 gnolls (D:2)
  2 adders
  A worm (D:2)
  A dart slug (D:2)
  3 leopard geckos
  3 orcs
  2 ball pythons
  5 giant cockroaches
  5 goblins
  8 hobgoblins
  2 jackals (D:1)
  4 kobolds
  A quokka (D:2)
  5 bats
  2 frilled lizards
  A rat (D:2)
48 creatures vanquished.

Notes
Turn   | Place    | Note
-------+----------+-------------------------------------------
     0 | D:1      | miscthings the Demonspawn Chaos Knight began the quest for
                  | the Orb.
     0 | D:1      | Reached XP level 1. HP: 18/18 MP: 1/1
   104 | D:1      | Reached skill level 3 in Maces & Flails
   347 | D:1      | XOM: silly message
   507 | D:1      | Gained mutation: You have a pair of small antennae on your
                  | head. [demonic ancestry]
   507 | D:1      | Reached XP level 2. HP: 15/24 MP: 2/2
   734 | D:1      | XOM: silly message
   888 | D:1      | XOM: god gift: shimmering plate armour {god gift}
   889 | D:1      | Got a shimmering plate armour {god gift}
   900 | D:1      | Identified the +2 plate armour of Limitation {rPois Str+4
                  | Int+3} (Xom gifted it to you on level 1 of the Dungeon)
  1047 | D:1      | XOM: 2-stop teleportation journey
  1228 | D:1      | Found a shimmering altar of Xom.
  1229 | D:1      | XOM: silly message
  1435 | D:2      | You fall into a shaft and drop 2 floors!
  1460 | D:4      | Reached XP level 3. HP: 20/29 MP: 3/3
  1465 | D:4      | Reached skill level 4 in Maces & Flails
  1681 | D:3      | XOM: silly message
  1862 | D:2      | XOM: potion effect (might)
  1869 | D:2      | Reached XP level 4. HP: 9/35 MP: 4/4
  2100 | D:2      | Found a white marble altar of Elyvilon.
  2290 | D:2      | Reached skill level 5 in Maces & Flails
  2319 | D:2      | Found a runed translucent door.
  2320 | D:2      | Noticed Crazy Yiuf
  2450 | D:2      | Paralysed by Crazy Yiuf for 7 turns
  2454 | D:2      | XOM: silly message
  2455 | D:2      | Slain by Crazy Yiuf

Illustrated notes

Levels and vault maps discovered:
D:1:      sevenhm_arrival_forest_fort_small_6, layout_basic
D:2:      layout_rooms, elyvilon_altar_4, uniq_crazy_yiuf_cottage
D:3:      layout_loops_corners
D:4:      layout_gridville, tgw_kikubaaqudgha

Skill      XL: |  1  2  3  4 |
---------------+-------------+-----
Maces & Flails | 3 4 5 |  5.0
Fighting       | |  3.0
Armour         | |  1.7
Dodging        | |  0.8

Action                   |  1- 3 |  4- 6 || total
-------------------------+-------+-------++-------
Melee: Mace              |   150 |    39 ||   189
  Use: Scroll            |     2 |     2 ||     4
 Stab: Petrified         |     5 |       ||     5
       Paralysed         |       |     1 ||     1
Armor: Leather armour    |    17 |       ||    17
       Plate armour      |    79 |    48 ||   127
Dodge: Dodged            |    72 |    13 ||    85
Block: Buckler           |    13 |     3 ||    16

Table legend: (Time is in decaauts)
 A = Elapsed time spent in this place.
 B = Non-inter-level travel time spent in this place.
 C = Inter-level travel time spent in this place.
 D = Time resting spent in this place.
 E = Time spent auto-exploring this place.
 F = Levels seen in this place.
 G = Mean time per level.
                   A        B        C        D        E       F      G
               +--------+--------+--------+--------+--------+-----+--------+
         Total |   2506 |   2482 |     24 |    515 |   1493 |   4 |  626.5 |
       Dungeon |   2506 |   2482 |     24 |    515 |   1493 |   4 |  626.5 |
               +--------+--------+--------+--------+--------+-----+--------+

Top non-repeatable levels by time:
     D:1: 1420 daAuts
     D:2: 792 daAuts
     D:3: 257 daAuts
     D:4: 36 daAuts
